AoeStats
← gdpadilla950

Black Forest

510136565Analyzed
2v2 RM · 4d ago on Sep 29, 2026· 53m 42s· 4 players
Game mode
Random Map
Map size
Medium (4 player)
Population
200
Speed
Normal
Resources
Standard
Victory
Conquest
Starting age
Dark Age
Ending age
Imperial Age
RankedLock teamsTeams togetherTeam positionsShared explorationLock speedFull tech treeHidden civsTurbo modeCheats
Victory
Defeat
🇺🇸 Slavs · United States
998
+14
🇪🇸 Bohemians · Spain
988
+15
🇦🇷 Italians · Argentina
962
-15
🇦🇷 Byzantines · Argentina
950
-14
gdpadilla950
0:28 Loom
13:32 Feudal Age
14:02 Double-Bit Axe
18:46 Castle Age
23:38 Wheelbarrow
29:23 Imperial Age
27:36 Gold Mining
28:11 Bow Saw
28:29 Stone Mining
29:56 Ballistics
31:20 Chemistry
34:23 Conscription
41:46 Scale Mail Armor
41:57 Forging
43:57 Caravan
46:32 Chain Mail Armor
46:52 Iron Casting
48:10 Squires
50:48 Plate Mail Armor
51:18 Blast Furnace
51:09 Onager
joaquinc96
0:27 Loom
12:23 Feudal Age
15:25 Double-Bit Axe
16:29 Wheelbarrow
18:38 Horse Collar
22:03 Castle Age
20:46 Fletching
26:36 Murder Holes
36:22 Crossbowman
37:08 Thumb Ring
38:49 Hand Cart
mattpowell74
1:30 Loom
13:47 Feudal Age
14:29 Horse Collar
15:06 Double-Bit Axe
18:00 Castle Age
16:48 Gold Mining
17:22 Scale Mail Armor
19:16 Wheelbarrow
20:20 Man-at-Arms
21:01 Squires
25:13 Long Swordsman
25:42 Pikeman
28:32 Heavy Plow
29:25 Chain Mail Armor
32:07 Hand Cart
31:38 Town Watch
35:46 Imperial Age
35:56 Detinets
37:01 Druzhina
38:12 Caravan
38:22 Capped Ram
39:44 Siege Engineers
40:42 Chemistry
40:25 Gold Shaft Mining
39:53 Two-Handed Swordsman
41:46 Siege Ram
43:28 Bow Saw
43:20 Halberdier
44:09 Champion
46:30 Plate Mail Armor
47:39 Scale Barding Armor
47:45 Forging
48:09 Crop Rotation
49:05 Heavy Scorpion
49:43 Light Cavalry
50:34 Bloodlines
50:25 Husbandry
50:31 Elite Boyar
51:35 Hussar
Nacho
0:37 Loom
13:16 Feudal Age
20:07 Castle Age
18:37 Horse Collar
22:07 Double-Bit Axe
22:42 Town Watch
32:58 Imperial Age
34:09 Wheelbarrow
33:46 Bow Saw
34:16 Conscription
36:27 Chemistry
35:50 Ballistics
38:31 Siege Engineers
49:19 Scale Mail Armor
49:29 Forging
49:10 Fletching
49:20 Padded Archer Armor
53:57 Leather Archer Armor
53:39 Bodkin Arrow
54:20 Iron Casting
54:01 Chain Mail Armor
Connection lost

Rejoining the realm…

Still unreachable

The connection could not be restored.

Session expired

The server has moved on; the page needs a fresh start.